 Dungeon Crawl Stone Soup version 0.30-a0-737-gf23d94013f (webtiles) character file.

Game seed: 15938865255687577492

32 Zenkrye the Slasher (level 3, -1/28 HPs)
             Began as a Barachi Reaver on Feb 2, 2023.
             Slain by a gnoll
             ... wielding a +1 halberd of flaming
              (7 damage)
             ... on level 2 of the Dungeon.
             The game lasted 00:05:26 (1177 turns).

Zenkrye the Slasher (Barachi Reaver)                Turns: 1177, Time: 00:05:27

Health: -1/28      AC:  5    Str: 15    XL:     3   Next: 27%
Magic:  6/6        EV: 16    Int: 13    God:
Gold:   39         SH:  0    Dex: 10    Spells: 5/6 levels left

rFire   . . .      SeeInvis .    a - +0 falchion
rCold   . . .      Faith    .    (no shield)
rNeg    . . .      Spirit   .    b - +0 leather armour
rPois   .          Reflect  .    (helmet restricted)
rElec   .          Harm     .    (no cloak)
rCorr   .          Rampage  .    (no gloves)
Will    .....                    (no boots)
Stlth   +                        (no amulet)
HPRegen 0.24/turn                v - +5 ring of evasion
MPRegen 0.10/turn                (no ring)

@: unable to hop, slow
A: amphibious, slowness 1, strong legs 1, +LOS, antennae 1, iridescent scales 1,
noise suppression
a: Hop


You were on level 2 of the Dungeon.
You visited 1 branch of the dungeon, and saw 2 of its levels.

You collected 39 gold pieces.

Inventory:

Hand Weapons
 a - a +0 falchion (weapon)
Missiles
 d - 3 poisoned darts
 e - a throwing net (quivered) {!f}
Armour
 b - a +0 leather armour (worn)
 g - a +2 helmet
Jewellery
 v - a +5 ring of evasion (left hand)
Potions
 c - a potion of heal wounds {@q2}


   Skills:
 - Level 2.4 Fighting
 + Level 5.2 Long Blades
 - Level 2.1 Dodging
 - Level 2.1 Spellcasting
 - Level 3.2 Conjurations


You had 5 spell levels left.
You knew the following spells:

 Your Spells              Type           Power      Damage    Failure   Level
a - Kiss of Death         Conj/Necr      20%        2d7       16%         1

Your spell library contained the following spells:

 Spells                   Type           Power      Damage    Failure   Level
 Momentum Strike          Conj/Tloc      10%        3d8       24%         2
 Hailstorm                Conj/Ice       5%         3d4       43%         3


Dungeon Overview and Level Annotations

Branches:
Dungeon (2/15)

Altars:

Shops:
D:1 !


Innate Abilities, Weirdness & Mutations

You are amphibious.
You cover ground slowly.
You can hop short distances.
You have an extended range of vision and can be seen from far away.
You have a pair of small antennae on your head.
You are partially covered in iridescent scales. (AC +2)
You passively dampen the noise of your surroundings.


Message History

Really fire
e - a throwing net {!f}?
Unknown command.
Unknown command.
Okay, then.
The adder barely misses you. The adder completely misses you.
The gnoll closely misses you. The adder closely misses you.
The adder attacks as you move away! The adder bites you but does no damage.
The adder closely misses you. The adder attacks as you move away!
The adder completely misses you. The adder attacks as you move away!
The adder closely misses you. The gnoll completely misses you.
The adder barely misses you. The adder closely misses you.
The gnoll misses you. The adder misses you.
The adder bites you but does no damage. The gnoll misses you.
The adder barely misses you. The adder attacks as you move away!
The adder bites you.
You are poisoned.
The adder poisons you!
You feel sick. The adder closely misses you.
The adder attacks as you move away! The adder barely misses you.
You feel sick.
You feel sick. The adder barely misses you.
You feel sick.
You are no longer poisoned.
The gnoll barely misses you. The adder closely misses you.
The adder attacks as you move away! The adder closely misses you.
The adder attacks as you move away! The adder bites you.
You are poisoned.
The adder poisons you!
You feel sick. The adder misses you.
You feel sick.
You feel sick. The adder misses you. The adder attacks as you move away!
The adder closely misses you.
You feel sick. The adder misses you.
You feel sick.
You are no longer poisoned.
The adder attacks as you move away! The adder completely misses you. x2
There is a stone staircase leading up here.
The gnoll hits you from afar with a +1 halberd of flaming!
You die...

##......# #......##.#.......
##.#.###.# ##..##.##.######..
#.###.##.# #..##.##.# #..
##.#.###.####........# ###
##.## #......###.###### # #.#
#########.......# # #.#
#..####.## # ####.##########
#........# #
#......##....@###....##..#####
#.##.#.##.....Sg...#.##.(.....
#.##>#.##.........g#.......w..
#.##.#.##.....................
#.##.#.##......#....#.##.####)
#.##.#.####.######.###...# #.
#).....####....#..## ##.## #.
####.####......#.#.###.## #.
#......####.#.##.#.## #.


You could see 2 gnolls and an adder.

Vanquished Creatures
  A worm (D:2)
  A dart slug (D:1)
  2 bats (D:1)
  2 endoplasms (D:1)
  A giant cockroach (D:1)
  2 goblins (D:1)
  5 hobgoblins
  A jackal (D:2)
  3 ball pythons
  A frilled lizard (D:2)
  A kobold (D:1)
  5 rats
25 creatures vanquished.

Notes
Turn   | Place    | Note
-------+----------+-------------------------------------------
     0 | D:1      | Zenkrye the Barachi Reaver began the quest for the Orb.
     0 | D:1      | Reached XP level 1. HP: 17/17 MP: 3/3
    89 | D:1      | Reached skill level 4 in Long Blades
   106 | D:1      | Found Koqiriwk's Distillery.
   146 | D:1      | Reached XP level 2. HP: 23/23 MP: 5/5
   757 | D:1      | Reached XP level 3. HP: 28/28 MP: 6/6
   894 | D:2      | Reached skill level 5 in Long Blades
  1121 | D:2      | HP: 1/28 [gnoll/+0 flail (2)]
  1126 | D:2      | Gained mutation: You have a pair of small antennae on your
                  | head. [potion of mutation]
  1126 | D:2      | Gained mutation: You passively dampen the noise of your
                  | surroundings. [potion of mutation]
  1126 | D:2      | Gained mutation: You are partially covered in iridescent
                  | scales. (AC +2) [potion of mutation]
  1177 | D:2      | Slain by a gnoll

Illustrated notes

Levels and vault maps discovered:
D:1:      dpeg_arrival_more_subterranean_lakeside_camping, layout_basic,
          serial_shops, nicolae_shop_hallway_plus
D:2:      layout_loops_cross, hellmonk_ecumenical_altar_pennies_from_heaven

Skill      XL: |  1  2  3 |
---------------+----------+-----
Long Blades    | 4 5 |  5.2
Fighting       | |  2.4
Dodging        | |  2.1
Spellcasting   | |  2.1
Conjurations   | |  3.2

Action                     || total
---------------------------++-------
  Melee: Falchion          ||    85
  Throw: Dart              ||    19
         Throwing net      ||     1
Ability: Hop               ||     2
    Use: Potion            ||     2
         Scroll            ||     1
 Armour: Leather armour    ||    25
  Dodge: Dodged            ||   113

Table legend: (Time is in decaauts)
 A = Elapsed time spent in this place.
 B = Non-inter-level travel time spent in this place.
 C = Inter-level travel time spent in this place.
 D = Time resting spent in this place.
 E = Time spent auto-exploring this place.
 F = Levels seen in this place.
 G = Mean time per level.
                   A        B        C        D        E       F      G
               +--------+--------+--------+--------+--------+-----+--------+
         Total |   1358 |   1322 |     36 |     39 |    975 |   2 |  679.0 |
       Dungeon |   1358 |   1322 |     36 |     39 |    975 |   2 |  679.0 |
               +--------+--------+--------+--------+--------+-----+--------+

Top non-repeatable levels by time:
     D:1: 1007 daAuts
     D:2: 350 daAuts
